 Dungeon Crawl Stone Soup version 0.27.0-1-g7a089689b8 (webtiles) character file.

Game seed: 5729458610842138866

1938 sanka the Nimble (level 8, 0/63 HPs)
             Began as a Demigod Summoner on Aug 1, 2021.
             Slain by a manticore (9 damage)
             ... on level 7 of the Dungeon.
             The game lasted 00:16:10 (6575 turns).

sanka the Nimble (Demigod Summoner)                 Turns: 6575, Time: 00:16:11

Health: 0/63       AC:  6    Str:  9    XL:     8   Next: 65%
Magic:  7/14       EV: 19    Int: 25    God:
Gold:   361        SH:  0    Dex: 26    Spells: 5/11 levels left

rFire    . . .     SeeInvis .   s - +4 quarterstaff
rCold    . . .     Faith    .   (shield currently unavailable)
rNeg     . . .     Spirit   .   a - +0 robe
rPois    .         Reflect  .   v - +0 helmet
rElec    .         Harm     .   D - +1 cloak {Stlth+}
rCorr    .         Rampage  .   r - +0 pair of gloves
Will     .....                  (no boots)
Stlth    ++++......             k - amulet of regeneration
HPRegen  1.20/turn              u - +6 ring of dexterity
MPRegen  0.14/turn              m - +6 ring of dexterity

@: no status effects
A: high mp 1, forlorn
a: no special abilities


You were on level 7 of the Dungeon.
You visited 1 branch of the dungeon, and saw 7 of its levels.

You collected 361 gold pieces.


Innate Abilities, Weirdness & Mutations

Your attributes grow dramatically as you level up.
You have an increased reservoir of magic. (+10% MP)
You shall have no god before yourself.


   Skills:
 - Level 3.0 Fighting
 + Level 5.3 Staves
 - Level 8.0 Dodging
 - Level 1.7 Stealth
 - Level 2.0 Spellcasting
 - Level 5.0 Summonings


You had 5 spell levels left.
You knew the following spells:

 Your Spells              Type           Power      Damage    Failure   Level
c - Call Canine Familiar  Summ           27%        N/A       4%          3
x - Call Imp              Summ           27%        N/A       2%          2
z - Summon Small Mammal   Summ           100%       N/A       1%          1

Your spell library contained the following spells:

 Spells                   Type           Power      Damage    Failure   Level
 Summon Guardian Golem    Hex/Summ       15%        N/A       12%         3
 Animate Armour           Summ/Erth      30%        N/A       36%         4
 Summon Lightning Spire   Summ/Air       15%        N/A       36%         4
 Leda's Liquefaction      Hex/Erth       1%         N/A       73%         4
 Lehudib's Crystal Spear  Conj/Erth      1%         10d2      100%        8

Inventory:

Hand Weapons
 b - a +0 dagger
 d - a +0 spear
 s - a +4 quarterstaff (weapon)
Missiles
 i - 2 throwing nets {=f}
Armour
 a - a +0 robe (worn)
 r - a +0 pair of gloves (worn)
 v - a +0 helmet (worn)
 z - a +2 ring mail of fire resistance
 D - a +1 cloak of stealth (worn)
Magical Staves
 l - a staff of death
 A - a staff of poison
Jewellery
 k - an amulet of regeneration (around neck)
 m - a +6 ring of dexterity (right hand)
 u - a +6 ring of dexterity (left hand)
 B - a ring of poison resistance
Wands
 o - a wand of flame (15)
 y - a wand of iceblast (1)
Scrolls
 c - 3 scrolls of fear {unknown}
 e - 2 scrolls of summoning {unknown}
 f - 2 scrolls of vulnerability {unknown}
 h - 5 scrolls of identify {unknown}
 t - 4 scrolls of blinking {unknown}
 x - a scroll of brand weapon {unknown}
 C - a scroll of amnesia {unknown}
Potions
 g - 2 potions of ambrosia {unknown}
 j - a potion of might {unknown}
 n - 2 potions of curing {@q1}
 p - 2 potions of berserk rage {unknown}
 q - a potion of magic {unknown}
 w - a potion of haste {unknown}
Miscellaneous
 E - a condenser vane

Dungeon Overview and Level Annotations

Branches:
Dungeon (7/15)
 Temple: D:4-7

Shops:
D:4

( ... ▒.▒▒ ... ▒... ..
▒▒..▒ ▒▒ ▒▒▒[▒▒..▒ .▒▒▒▒
▒......▒▒ ▒▒....
▒.....▒▒..▒▒▒..▒ ▒....
▒▒..▒5.▒▒▒ ...O ▒..▒YHh▒..▒
... ▒".▒▒p▒▒..▒
▒▒▒▒.▒▒▒▒▒▒▒▒▒5▒▒▒▒▒▒▒▒▒.▒▒
......)..▒▒▒▒..▒▒..▒......
▒▒.▒.▒.▒.▒▒.....▒▒)▒..▒▒.▒
...▒.▒.......▒.▒..▒▒.▒
▒▒▒.▒.▒..▒▒▒..▒.▒.....▒▒
▒)▒...▒▒h▒..▒........▒▒ ▒▒
..▒.▒.▒h▒▒.▒▒.▒...▒...▒▒▒.
.▒▒.▒.▒▒.h▒▒..▒...........


You could see a manticore (ally target), an ice beast, a friendly hound
(summoned) and 2 friendly white imps.


Message History

* * * LOW HITPOINT WARNING * * *
Your white imp hits the manticore but does no damage.
Unknown command.
Unknown command.
The manticore bites you.
* * * LOW HITPOINT WARNING * * *
The manticore claws you.
* * * LOW HITPOINT WARNING * * *
The manticore claws you but does no damage.
Your white imp barely misses the manticore.
Unknown command.
You sock the manticore!
The manticore is lightly wounded.
Your hound closely misses the manticore.
The manticore bites you!!
* * * LOW HITPOINT WARNING * * *
The manticore claws you!
* * * LOW HITPOINT WARNING * * *
The manticore closely misses you.
Your white imp barely misses the manticore.
Your hound bites the manticore.
The manticore barely misses you. The manticore barely misses you.
The manticore claws you!
* * * LOW HITPOINT WARNING * * *
Your white imp hits the manticore but does no damage.
Your hound bites the manticore but does no damage.
Your hound bites the manticore but does no damage.
The manticore bites you!
You die...

Action                   |  1- 3 |  4- 6 |  7- 9 || total
-------------------------+-------+-------+-------++-------
Melee: Spear             |    39 |    95 |       ||   134
       Unarmed           |     5 |       |       ||     5
       Dagger            |     4 |       |       ||     4
       Quarterstaff      |       |    98 |   125 ||   223
 Cast: Summon Small Mamm |    19 |     1 |       ||    20
       Call Imp          |     3 |    46 |    26 ||    75
       Call Canine Famil |       |     2 |     6 ||     8
Evoke: Wand              |       |     4 |     1 ||     5
  Use: Potion            |       |       |     2 ||     2
 Stab: Sleeping          |     1 |     4 |     3 ||     8
       Distracted        |       |     2 |     1 ||     3
Armor: Robe              |    15 |    30 |    29 ||    74
Dodge: Dodged            |    32 |   121 |   161 ||   314

Levels and vault maps discovered:
D:1:      matt_arrival_spirals, layout_loops_ring,
          dreamdust_ecumenical_altar_angels_and_demons
D:2:      layout_loops_ring, uniq_natasha, uniq_sigmund
D:3:      minmay_recursive_quarters, layout_basic,
          nicolae_uskayaw_murder_on_the_dancefloor,
          mainiacjoe_overflow_chevrons, minmay_crystal_room
D:4:      layout_rooms, serial_shops, nicolae_diamond_shop, grunt_ministairs_8,
          eino_small_chamber_without_monster, uniq_ijyb
D:5:      layout_cave_pools, fedhas_altar_4, mainiacjoe_overflow_alcove_4,
          uniq_grinder
D:6:      layout_loops_ring
D:7:      minmay_the_grid_plus [minmay_the_grid_paths, minmay_the_grid_tri_star,
          minmay_the_grid_spikes, minmay_the_grid_aliased_spiral,
          minmay_the_grid_prize_four_corners_diamond_a], layout_loops_ring,
          jmf_multi_god_temple2, lemuel_zombie_altar_yredelemnul,
          minmay_temple_entry_gardened_gates

Notes
Turn   | Place    | Note
-------+----------+-------------------------------------------
     0 | D:1      | sanka the Demigod Summoner began the quest for the Orb.
     0 | D:1      | Reached XP level 1. HP: 14/14 MP: 5/5
   553 | D:1      | Reached skill level 2 in Spellcasting
  1395 | D:2      | Reached skill level 4 in Summonings
  1395 | D:2      | Reached XP level 2. HP: 16/20 MP: 1/7
  1450 | D:2      | Learned a level 2 spell: Call Imp
  1663 | D:2      | Noticed Sigmund
  1683 | D:2      | Killed Sigmund
  1684 | D:2      | Reached skill level 5 in Summonings
  1684 | D:2      | Reached skill level 1 in Fighting
  1684 | D:2      | Reached XP level 3. HP: 28/28 MP: 2/8
  1684 | D:2      | Reached XP level 4. HP: 35/35 MP: 2/9
  1898 | D:2      | Noticed Natasha
  1941 | D:2      | Killed Natasha
  1942 | D:2      | Reached skill level 2 in Fighting
  2034 | D:2      | Noticed Natasha
  2104 | D:2      | Killed Natasha
  2267 | D:2      | Noticed Natasha
  2275 | D:2      | Killed Natasha
  2525 | D:3      | Reached XP level 5. HP: 41/44 MP: 10/10
  2772 | D:3      | Learned a level 3 spell: Call Canine Familiar
  3126 | D:3      | Noticed an ice beast
  3162 | D:3      | Reached skill level 3 in Fighting
  3314 | D:3      | Reached skill level 2 in Dodging
  3680 | D:3      | Killed an ice beast
  3681 | D:3      | Reached skill level 3 in Dodging
  3971 | D:4      | Reached XP level 6. HP: 51/51 MP: 11/11
  4060 | D:4      | Found Uhugar's Weapon Boutique.
  4188 | D:4      | Reached skill level 4 in Dodging
  4219 | D:4      | Noticed Ijyb
  4252 | D:4      | Killed Ijyb
  4452 | D:5      | Entered Level 5 of the Dungeon
  4539 | D:5      | Reached skill level 5 in Dodging
  4766 | D:5      | Noticed Grinder
  4793 | D:5      | Killed Grinder
  4794 | D:5      | Reached skill level 6 in Dodging
  4794 | D:5      | Reached XP level 7. HP: 57/57 MP: 3/13
  5527 | D:6      | Got Sif Muna's Collected Works on Earth
  5657 | D:6      | Reached skill level 7 in Dodging
  5859 | D:6      | Reached XP level 8. HP: 63/63 MP: 14/14
  6124 | D:7      | Reached skill level 8 in Dodging
  6124 | D:7      | Reached skill level 1 in Staves
  6174 | D:7      | Reached skill level 2 in Staves
  6348 | D:7      | Reached skill level 3 in Staves
  6361 | D:7      | Reached skill level 4 in Staves
  6446 | D:7      | Noticed a manticore
  6465 | D:7      | Killed a manticore
  6466 | D:7      | Reached skill level 5 in Staves
  6565 | D:7      | Noticed a deep elf zephyrmancer
  6565 | D:7      | Noticed an ogre mage
  6568 | D:7      | Noticed a manticore
  6573 | D:7      | HP: 1/63 [manticore (8)]
  6575 | D:7      | Slain by a manticore

Vanquished Creatures
  A manticore (D:7)
  A vampire mosquito (D:7)
  2 black bears
  An ice beast (D:3)
  An orc warrior (D:6)
  2 necrophages
  A phantom (D:6)
  3 centaur zombies
  2 bullfrog skeletons (D:7)
  A hound (D:5)
  A centaur skeleton (D:7)
  2 iguanas
  An orc wizard (D:7)
  A scorpion zombie (D:5)
  Ijyb (D:4)
  A hound skeleton (D:5)
  A howler monkey zombie (D:6)
  2 gnolls (D:5)
  4 adders
  A shadow imp (D:5)
  An ufetubus (D:4)
  2 adder skeletons (D:4)
  2 worms
  3 dart slugs
  8 orcs
  8 ball pythons
  An endoplasm (D:2)
  3 giant cockroaches
  3 hobgoblins
  3 kobolds
  A quokka (D:3)
  A bat (D:1)
  2 frilled lizards
  6 goblins
  2 rats
76 creatures vanquished.

Vanquished Creatures (collateral kills)
  Grinder (D:5)
  Sigmund (D:2)
  A wraith (D:7)
  A water moccasin (D:6)
  A bullfrog (D:7)
  A wyvern skeleton (D:7)
  A wight (D:7)
  A jelly (D:4)
  A hound (D:4)
  Natasha (thrice) (D:2)
  3 gnolls
  4 adders
  An orc (D:3)
  An endoplasm (D:1)
  3 hobgoblins
  2 quokkas (D:2)
  3 kobolds
  A rat (D:3)
30 creatures vanquished.

Vanquished Creatures (others)
  2 plants (D:7)
2 creatures vanquished.

Grand Total: 108 creatures vanquished
